 Dungeon Crawl Stone Soup version 0.22.0-38-g04b72b8 (webtiles) character file.

405 Greyaxe the Chopper (level 6, -8/53 HPs)
             Began as a Hill Orc Fighter on Aug 30, 2018.
             Was a Believer of Nemelex Xobeh.
             Mangled by a two-headed ogre
             ... wielding a +0 giant club
              (15 damage)
             ... on level 4 of the Dungeon.
             The game lasted 00:14:45 (4748 turns).

Greyaxe the Chopper (Hill Orc Fighter)              Turns: 4748, Time: 00:14:48

Health: -8/53      AC: 13    Str: 21    XL:     6   Next: 87%
Magic:  6/6        EV:  6    Int:  8    God:    Nemelex Xobeh [**....]
Gold:   273        SH: 12    Dex: 10    Spells: 5/5 levels left

rFire    + + .     SeeInvis .   a - +0 war axe
rCold    . . .     Gourm    .   c - +0 shield
rNeg     . . .     Faith    .   g - +1 chain mail {rF+}
rPois    .         Spirit   .   p - +0 helmet
rElec    .         Reflect  +   (no cloak)
rCorr    .         Harm     .   (no gloves)
MR       .....                  r - +0 pair of boots
Stlth    ..........             n - +2 amulet of reflection
HPRegen  0.17/turn              i - ring of flight
MPRegen  0.10/turn              (no ring)

@: no status effects
A: hooves 1, fire resistance 1, sense surroundings 1, wild magic 2
a: Renounce Religion, Evoke Flight


You were on level 4 of the Dungeon.
You worshipped Nemelex Xobeh.
Nemelex Xobeh was pleased with you.
You were not hungry.

You visited 2 branches of the dungeon, and saw 5 of its levels.

You collected 273 gold pieces.

Inventory:

Hand Weapons
 a - a +0 war axe (weapon)
Armour
 b - a +0 scale mail
 c - a +0 shield (worn)
 g - a +1 chain mail of fire resistance (worn)
 p - a +0 helmet (worn)
 r - a +0 pair of boots (worn)
Jewellery
 i - a ring of flight (left hand)
 l - a +6 ring of strength {unknown}
 n - a +2 amulet of reflection (around neck)
Wands
 s - a wand of enslavement (13)
Scrolls
 e - a scroll of teleportation
 k - 2 scrolls of remove curse
 o - a scroll of magic mapping
Potions
 d - a potion of might
 h - a potion of heal wounds
 j - 2 potions of curing
 m - a potion of flight {unknown}
 q - 3 potions of brilliance {unknown}
 t - a potion of haste {unknown}
 u - a potion of lignification {unknown}
Comestibles
 f - 5 rations


   Skills:
 + Level 4.5 Fighting
 + Level 5.4 Axes
 + Level 4.4 Armour
 + Level 1.2 Dodging
 + Level 0.1 Stealth
 + Level 5.4 Shields
 + Level 0.4 Invocations


You had 5 spell levels left.
You didn't know any spells.
Your spell library was empty.

Dungeon Overview and Level Annotations

Branches:
Dungeon (4/15)             Temple (1/1) D:4

Altars:
Ashenzari
Cheibriados
Dithmenos
Elyvilon
Fedhas
Gozag
Hepliaklqana
Kikubaaqudgha
Nemelex Xobeh
Okawaru
Qazlal
Ru
Trog
Uskayaw
Vehumet
Wu Jian
Yredelemnul


Innate Abilities, Weirdness & Mutations

You have large cloven feet.
Your flesh is heat resistant. (rF+)
You passively map a small area around you.
Your spells are harder to cast, but more powerful.


Message History

You block the two-headed ogre's attack.
The two-headed ogre hits you with a giant club.
You slash the two-headed ogre!
The two-headed ogre is moderately wounded.
You block the two-headed ogre's attack.
The two-headed ogre hits you with a giant club!!
* * * LOW HITPOINT WARNING * * *
You barely miss the two-headed ogre.
The two-headed ogre is moderately wounded.
The two-headed ogre barely misses you. x2
You hit the two-headed ogre.
The two-headed ogre is moderately wounded.
The two-headed ogre barely misses you. x2
You hit the two-headed ogre.
The two-headed ogre is moderately wounded.
The two-headed ogre hits you with a giant club!
* * * LOW HITPOINT WARNING * * *
The two-headed ogre hits you with a giant club!
You die...
Your body glows slightly and disappears.

###...########.###.#
#.. #...# #.#
#<######.. ##.## #.#
#......... #.#
#+###########. #.#
#...## #. #.#
#.....# #### ##.##
##....... ##.##
##...####........
####...#
#.......'@O......
+.......
##....###........
####...# ##.#.#
##....... ####.##
###.# #.....# #...##
#.# *#...#####...###
#.# #+## #....>..#
#.# #.# #........
#.# #.# #.......#
#.# ##.## ###.(.###


You could see a two-headed ogre.

Vanquished Creatures
  Menkaure (D:4)
  An orc priest (D:4)
  An iguana (D:4)
  2 orc wizards
  A worker ant (D:3)
  A gnoll (D:1)
  8 adders
  An ooze (D:1)
  A worm (D:3)
  A dart slug (D:1)
  2 leopard geckos
  10 orcs
  A ball python (D:4)
  3 giant cockroaches
  5 goblins
  8 hobgoblins
  3 jackals (D:3)
  6 kobolds
  2 quokkas (D:3)
  11 bats
  4 frilled lizards
  3 rats
76 creatures vanquished.

Vanquished Creatures (others)
  A kobold (D:3)
1 creature vanquished.

Grand Total: 77 creatures vanquished

Notes
Turn   | Place    | Note
-------+----------+-------------------------------------------
     0 | D:1      | Greyaxe the Hill Orc Fighter began the quest for the Orb.
     0 | D:1      | Reached XP level 1. HP: 19/19 MP: 1/1
    87 | D:1      | Reached XP level 2. HP: 23/27 MP: 2/2
   570 | D:1      | Reached XP level 3. HP: 31/33 MP: 3/3
  1746 | D:2      | Reached XP level 4. HP: 40/40 MP: 4/4
  2666 | D:3      | Reached XP level 5. HP: 46/46 MP: 5/5
  3016 | D:3      | Found an ornate altar of the Wu Jian Council.
  3247 | D:3      | Gained mutation: You passively map a small area around you. [potion of mutation]
  3247 | D:3      | Gained mutation: You are clumsy. (Dex -2) [potion of mutation]
  3247 | D:3      | Gained mutation: Your magical capacity is low. (-10% MP) [potion of mutation]
  3247 | D:3      | Gained mutation: Your spells are a little harder to cast, but a little more powerful. [potion of mutation]
  3248 | D:3      | Lost mutation: Your magical capacity is low. (-10% MP) [potion of mutation]
  3248 | D:3      | Lost mutation: You passively map a small area around you. [potion of mutation]
  3248 | D:3      | Lost mutation: You are clumsy. (Dex -2) [potion of mutation]
  3248 | D:3      | Gained mutation: Your flesh is heat resistant. (rF+) [potion of mutation]
  3248 | D:3      | Gained mutation: You passively map a small area around you. [potion of mutation]
  3248 | D:3      | Gained mutation: Your spells are harder to cast, but more powerful. [potion of mutation]
  3248 | D:3      | Gained mutation: You have large cloven feet. [potion of mutation]
  3398 | D:3      | Found a faded altar of an unknown god.
  3413 | D:3      | Became a worshipper of Nemelex Xobeh the Trickster
  3413 | D:3      | Received a gift from Nemelex Xobeh
  3413 | D:3      | Reached * piety under Nemelex Xobeh
  3697 | D:4      | Noticed Menkaure
  3704 | D:4      | Killed Menkaure
  3704 | D:4      | Reached skill level 5 in Axes
  3704 | D:4      | Reached skill level 5 in Shields
  3704 | D:4      | Reached XP level 6. HP: 35/53 MP: 6/6
  3825 | D:4      | Found a staircase to the Ecumenical Temple.
  3835 | Temple   | Entered the Ecumenical Temple
  4417 | D:4      | Reached ** piety under Nemelex Xobeh
  4504 | D:4      | Found a sacrificial altar of Ru.
  4526 | D:4      | Reached skill level 1 in Dodging
  4740 | D:4      | Noticed a two-headed ogre
  4748 | D:4      | Mangled by a two-headed ogre

Skill      XL: |  1  2  3  4  5  6 |
---------------+-------------------+-----
Fighting       | 4 |  4.5
Axes           | 3 4 5 |  5.4
Shields        | 4 5 |  5.4
Armour         | 4 |  4.4
Dodging        | 1 |  1.2
Stealth        | |  0.1
Invocations    | |  0.4

Action                   |  1- 3 |  4- 6 || total
-------------------------+-------+-------++-------
Melee: War axe           |   100 |   193 ||   293
Evoke: Deck              |       |     4 ||     4
       Wand              |       |     1 ||     1
  Use: Scroll            |     4 |       ||     4
       Potion            |       |     5 ||     5
  Eat: Ration            |     1 |     3 ||     4
Armor: Scale mail        |    10 |       ||    10
       Chain mail        |    62 |    98 ||   160
Dodge: Dodged            |    22 |    43 ||    65
Block: Shield            |    68 |   145 ||   213
       Reflection        |       |     5 ||     5
